 Dungeon Crawl Stone Soup version 0.16-a0-3939-g9a3e665 (console) character file.

29467 dreadnaught the Black Belt (level 13, -7/120 (121) HPs)
             Began as a Merfolk Transmuter on Feb 6, 2015.
             Was the Champion of Okawaru.
             Mangled by an eight-headed hydra (15 damage)
             ... on level 6 of the Lair of Beasts on Feb 7, 2015.
             The game lasted 02:25:59 (18007 turns).

dreadnaught the Black Belt (Merfolk Transmuter)    Turns: 18007, Time: 02:25:59

HP:   -7/120 (121)  AC:  6    Str: 11    XL:     13   Next: 45%
MP:   26/26         EV: 20    Int: 13    God:    Okawaru [******]
Gold: 320           SH:  0    Dex: 18    Spells: 9 memorised, 3 levels left

rFire  x . .     SeeInvis .       - Unarmed
rCold  + + +     Clarity  .     T - melded +2 robe (curse)
rNeg   . . .     SustAb   .     (shield currently unavailable)
rPois  +         Gourm    .     d - melded +1 helmet {SInv}
rElec  .         Spirit   .     e - melded +0 cloak
rCorr  .         Warding  .     u - melded +0 pair of gloves
rMut   +         Stasis   .     A - melded +1 pair of boots {Fly}
MR     +....                    B - amulet of resist mutation (curse)
Stlth  ++........               C - +2 ring of evasion
                                R - ring of protection from magic

@: ice-form, repel missiles, somewhat resistant to hostile enchantments,
unstealthy
A: (change form in water), (swift swim)
a: End Transformation, Heroism, Finesse, Renounce Religion


You were on level 6 of the Lair of Beasts.
You worshipped Okawaru.
Okawaru was exalted by your worship.
You were not hungry.
You were a creature of crystalline ice.
You visited 3 branches of the dungeon, and saw 17 of its levels.
You also visited: Ossuary.

You collected 840 gold pieces.
You spent 520 gold pieces at shops.

Inventory:

Hand weapons
 b - the +10 blowgun "Teotep" {speed, -Cast Int+7}
   (You bought it in a shop on level 5 of the Dungeon)

   Attacks with this weapon are significantly faster.
   It affects your intelligence (+7).
   It prevents spellcasting.
 q - a +0 longbow
 O - a +1 arbalest of evasion
Missiles
 f - 191 arrows
 g - 2 curare-tipped needles
 k - 240 stones (quivered)
 w - 7 poisoned needles
Armour
 d - a +1 helmet of see invisible (melded)
 e - a +0 cloak (melded)
 u - a +0 pair of gloves (melded)
 A - a +1 pair of boots of flying (melded)
 J - the +3 chain mail of Winter {+Blink +Inv rN+ Regen+ Int-4, unknown}
   (You found it on level 5 of the Lair of Beasts)

   It affects your intelligence (-4).
   It protects you from negative energy.
   It lets you turn invisible.
   It lets you blink.
   It increases your rate of regeneration.
 Q - a +0 troll leather armour
 T - a cursed +2 robe (melded)
Magical staves
 M - an uncursed staff of air
Jewellery
 i - an uncursed ring of positive energy
 m - an uncursed ring of ice
 y - an uncursed ring of stealth
 B - a cursed amulet of resist mutation (around neck)
 C - a +2 ring of evasion (right front paw)
 G - an uncursed amulet of the gourmand {unknown}
 R - a ring of protection from magic (left front paw)
Magical devices
 a - a wand of lightning (7)
 v - a wand of polymorph (11)
 H - a wand of paralysis (8)
 Z - a wand of digging (11)
Scrolls
 l - 4 scrolls of remove curse
 s - a scroll of identify
 t - 3 scrolls of fear
 F - 8 scrolls of teleportation
 N - a scroll of recharging {unknown}
 P - a scroll of brand weapon {unknown}
 U - 2 scrolls of fog
 V - 2 scrolls of blinking
Potions
 c - a potion of agility
 h - a potion of resistance
 o - 4 potions of haste
 r - 8 potions of curing
 x - 2 potions of heal wounds
 z - 2 potions of invisibility
 D - 2 potions of mutation
 I - 4 potions of lignification
 W - 2 potions of berserk rage
Books
 n - a Fen Folio

   Spells                             Type                      Level
   a - Corpse Rot                     Necromancy                   2
   b - Stone Arrow                    Conjuration/Earth            3
   c - Leda's Liquefaction            Hexes/Earth                  4
   d - Summon Forest                  Summoning/Translocation      5
   e - Hydra Form                     Transmutation                6
   f - Summon Hydra                   Summoning                    7
Miscellaneous
 E - a stone of tremors
 L - a phial of floods
Comestibles
 j - a slice of pizza
 p - 15 fruits
 K - a meat ration


   Skills:
 + Level 9.5 Fighting
 - Level 11.2 Dodging
 - Level 16.0 Unarmed Combat
 - Level 6.0 Spellcasting
 - Level 10.0 Transmutations
 - Level 4.0 Ice Magic
 - Level 2.3 Poison Magic
 - Level 5.0 Invocations


You had 3 spell levels left.
You knew the following spells:

 Your Spells              Type           Power        Failure   Level  Hunger
a - Apportation           Tloc           #.........   17%         1    None
b - Spider Form           Trmt/Pois      ###.......   4%          3    ###....
c - Sticks to Snakes      Trmt           ####......   1%          2    ##.....
d - Ice Form              Ice/Trmt       ###.....     12%         4    ####...
e - Repel Missiles        Chrm/Air       #.....       24%         2    ##.....
f - Blade Hands           Trmt           ####......   10%         5    ######.
A - Animate Skeleton      Necr           N/A          17%         1    None
B - Blink                 Tloc           N/A          24%         2    ##.....
F - Summon Butterflies    Summ           #.......     17%         1    None


Dungeon Overview and Level Annotations

Branches:
Dungeon (10/15)            Temple (1/1) D:4            Lair (6/8) D:10
  Swamp (0/5) Lair:3       Spider (0/5) Lair:4          Orc (0/4) D:10
  Slime: Lair:6-8

Altars:
Ashenzari
Elyvilon
Kikubaaqudgha
Makhleb
Nemelex Xobeh
Okawaru
Qazlal
Ru
Sif Muna
Trog
Vehumet
Zin
The Shining One

Shops:
D:4 *   D:5 *   D:10 *

Annotations:
D:10 exclusion: 2 killer bees


Message History

Here: an eight-headed hydra (heavily wounded)
The floor, spattered with blood.
Unknown command.
Unknown command.
Casting: Ice Form
Confirm with . or Enter, or press ? or * to list all spells.
Okay, then.
Unknown command.
A seven-headed hydra comes into view.
The seven-headed hydra roars!
The seven-headed hydra moves out of view.
The eight-headed hydra bites you!
* * * LOW HITPOINT WARNING * * *
The eight-headed hydra bites you.
* * * LOW HITPOINT WARNING * * *
The eight-headed hydra closely misses you.
The eight-headed hydra bites you!
* * * LOW HITPOINT WARNING * * *
The eight-headed hydra bites you!
You die...

#.....#......#
##...........# ..
##.........P#...
#.#.........P.P.
###.........P.P..#
##P......#.....###
#.......#......#
###.#....D##.....# #
###.........Y#.....#
#####P.P........#.....##
##.....<..............#
..#.....................
....P..#................
..###......#......P....
#..P##...##...........
....P.......#.#......
....PP.....#.# . .


You could see an eight-headed hydra.

Vanquished Creatures
  Snorg (Lair:5)
  Fannar (Lair:3)
  Nergalle (Lair:2)
  An unseen horror (D:9)
  A hill giant (D:10)
  Pikel (D:7)
  4 black mambas
  9 elephants
  A gargoyle (D:10)
  7 spiny frogs
  5 komodo dragons
  A demonic crawler (Lair:4)
  3 trolls
  The ghost of ConnectionFaild the Fortune-Teller, an experienced SpAr of Nemelex Xobeh (D:5)
  A baby alligator (Lair:3)
  13 blink frogs
  A boulder beetle (D:10)
  3 basilisks
  A shadow (D:9)
  Eustachio (D:5)
  21 yaks
  A spriggan (D:7)
  8 hippogriffs
  Menkaure (D:6)
  11 wolves
  8 water moccasins
  9 porcupines
  4 sky beasts
  An ice beast (D:9)
  An orc warrior (D:8)
  5 phantoms
  4 slaves (D:7)
  3 ogres
  2 eyes of draining (D:3)
  A black bear (D:8)
  3 necrophages
  8 crocodiles
  3 centaurs
  Sigmund (D:4)
  Duvessa (D:5)
  Blork the orc (D:6)
  6 giant frogs
  8 scorpions
  3 crimson imps
  3 electric eels
  A giant frog zombie (D:9)
  Dowan (D:5)
  A centaur zombie (Ossuary)
  A goliath beetle (D:9)
  12 hounds
  5 orc priests
  A giant frog skeleton (D:5)
  3 iguanas
  9 orc wizards
  2 quasits
  8 worker ants
  16 sheep
  4 mummies
  4 gnolls
  25 adders
  26 river rats
  5 giant mites
  4 shadow imps
  2 worms
  An adder skeleton (D:5)
  A giant gecko (D:4)
  26 orcs
  2 bat skeletons
  A bat zombie (D:7)
  2 gnoll zombies (Ossuary)
  10 hobgoblins
  12 kobolds
  3 oozes
  6 ball pythons
  6 bats
  11 giant cockroaches
  A giant gecko zombie (D:5)
  7 giant newts
  15 goblins
  A goblin zombie (Ossuary)
  A hobgoblin zombie (Ossuary)
  12 jackals
  2 kobold zombies
  3 orc zombies
  7 quokkas
  2 quokka zombies
  20 rats
  2 bushes (Lair:2)
  2 butterflies (Lair:1)
  6 plants
466 creatures vanquished.

Vanquished Creatures (collateral kills)
  A rat (D:3)
1 creature vanquished.

Vanquished Creatures (others)
  3 fungi (Lair:4)
  A plant (Lair:4)
4 creatures vanquished.

Grand Total: 471 creatures vanquished

Notes
Turn   | Place    | Note
--------------------------------------------------------------
     0 | D:1      | dreadnaught, the Merfolk Transmuter, began the quest for the Orb.
     0 | D:1      | Reached XP level 1. HP: 15/15 MP: 3/3
   310 | D:1      | Reached XP level 2. HP: 16/21 MP: 4/4
   424 | D:1      | Reached skill level 4 in Unarmed Combat
   832 | D:1      | Reached XP level 3. HP: 23/26 MP: 6/6
  1736 | D:2      | Reached skill level 5 in Unarmed Combat
  1821 | D:3      | Noticed a phantom
  1903 | D:2      | Learned a level 3 spell: Spider Form
  1906 | D:2      | Learned a level 2 spell: Sticks to Snakes
  2022 | D:3      | Found a bloodstained altar of Trog.
  2022 | D:3      | Noticed an eye of draining
  2022 | D:3      | Noticed an eye of draining
  2077 | D:3      | Reached XP level 4. HP: 17/32 MP: 3/7
  2376 | D:3      | Killed an eye of draining
  2376 | D:3      | Reached skill level 1 in Poison Magic
  2376 | D:3      | Reached XP level 5. HP: 37/37 MP: 0/9
  2383 | D:3      | Killed an eye of draining
  2383 | D:3      | Reached XP level 6. HP: 43/43 MP: 1/10
  2576 | D:3      | Noticed a phantom
  2939 | D:3      | Found a deep blue altar of Sif Muna.
  3015 | D:3      | Found a glowing silver altar of Zin.
  3015 | D:3      | Found a white marble altar of Elyvilon.
  3015 | D:3      | Found a glowing golden altar of the Shining One.
  3053 | D:2      | Found an iron altar of Okawaru.
  3058 | D:2      | Became a worshipper of Warmaster Okawaru
  3180 | D:3      | Killed a phantom
  3180 | D:3      | Reached skill level 6 in Unarmed Combat
  3209 | D:3      | Killed a phantom
  3209 | D:3      | Reached XP level 7. HP: 37/48 MP: 1/12
  3534 | D:4      | Reached skill level 7 in Unarmed Combat
  3739 | D:4      | Found an ancient bone altar of Kikubaaqudgha.
  3761 | D:4      | Found a staircase to the Ecumenical Temple.
  3835 | D:4      | Acquired Okawaru's first power
  3857 | Temple   | Entered the Ecumenical Temple
  4237 | D:4      | Noticed Sigmund
  4262 | D:3      | Reached skill level 8 in Unarmed Combat
  4345 | D:4      | Found a burning altar of Makhleb.
  4406 | D:4      | Found a sparkling altar of Nemelex Xobeh.
  4442 | D:4      | Killed Sigmund
  4931 | D:4      | Found Guviv's Assorted Antiques.
  5080 | D:5      | Entered Level 5 of the Dungeon
  5111 | D:5      | Found Bluqisel's Assorted Antiques.
  5133 | D:5      | Reached skill level 9 in Unarmed Combat
  5133 | D:5      | Reached XP level 8. HP: 54/54 MP: 9/13
  5135 | D:5      | Noticed ConnectionFaild's ghost (experienced SpAr)
  5156 | D:5      | Killed ConnectionFaild's ghost
  5223 | D:5      | Found an iron altar of Okawaru.
  5408 | D:5      | Reached skill level 10 in Unarmed Combat
  5427 | D:5      | Noticed Eustachio
  5453 | D:5      | Killed Eustachio
  5453 | D:5      | Reached skill level 5 in Dodging
  5661 | D:5      | Noticed Dowan
  5673 | D:5      | Noticed Duvessa
  5678 | D:5      | Killed Dowan
  5685 | D:5      | Killed Duvessa
  5708 | D:5      | Reached XP level 9. HP: 40/59 MP: 11/14
  5978 | D:6      | Noticed Blork the orc
  5989 | D:6      | Killed Blork the orc
  6094 | D:6      | Found a sand-covered staircase.
  6104 | Ossuary  | Entered an ossuary
  6240 | Ossuary  | Reached skill level 10 in Dodging
  6370 | D:6      | Noticed Menkaure
  6386 | D:6      | Killed Menkaure
  7101 | D:7      | Noticed Pikel
  7126 | D:7      | Killed Pikel
  7126 | D:7      | Reached skill level 5 in Fighting
  7126 | D:7      | Reached XP level 10. HP: 45/74 MP: 12/16
  7214 | D:7      | Got a fine large shield
  7220 | D:7      | Identified the +1 large shield of Vlad {SInv} (You found it on level 7 of the Dungeon)
  7257 | D:7      | Found a stormy altar of Qazlal.
  7443 | D:7      | Found a sacrificial altar of Ru.
  7443 | D:7      | Found a radiant altar of Vehumet.
  7584 | D:7      | You fall through a shaft!
  8716 | D:8      | Reached skill level 11 in Unarmed Combat
  8774 | D:8      | Learned a level 4 spell: Ice Form
  8917 | D:9      | Reached skill level 1 in Ice Magic
  8977 | D:9      | Noticed an unseen horror
  9019 | D:9      | Killed an unseen horror
  9076 | D:9      | Acquired Okawaru's second power
  9087 | D:9      | Reached skill level 5 in Transmutations
  9461 | D:9      | Found a shattered altar of Ashenzari.
  9666 | D:10     | Entered Level 10 of the Dungeon
  9740 | D:10     | Found Phiac's Profane Products.
  9742 | D:10     | Found an ancient bone altar of Kikubaaqudgha.
  9784 | D:10     | Received a gift from Okawaru
  9831 | D:10     | Learned a level 2 spell: Repel Missiles
  9834 | D:10     | Found a staircase to the Orcish Mines.
  9917 | D:10     | Reached XP level 11. HP: 75/82 MP: 13/17
  9944 | D:10     | Found a staircase to the Lair.
  9972 | D:10     | Reached skill level 10 in Transmutations
 10027 | D:10     | Reached skill level 1 in Invocations
 10129 | D:10     | Noticed a hill giant
 10140 | D:10     | Killed a hill giant
 10677 | Lair:1   | Entered Level 1 of the Lair of Beasts
 10880 | Lair:1   | Reached skill level 5 in Invocations
 11102 | D:4      | Bought a runed gold wand for 84 gold pieces
 11102 | D:4      | Bought a coppery potion for 18 gold pieces
 11133 | D:5      | Bought a brightly glowing blowgun for 202 gold pieces
 11133 | D:5      | Bought a scroll labeled CEUGAH IMUDGH for 27 gold pieces
 11338 | Lair:1   | Identified the +10 blowgun "Teotep" {speed, -Cast Int+7} (You bought it in a shop on level 5 of the Dungeon)
 12186 | Lair:1   | Reached skill level 12 in Unarmed Combat
 12550 | Lair:2   | Noticed Nergalle
 12752 | Lair:1   | Learned a level 5 spell: Blade Hands
 12791 | Lair:2   | Killed Nergalle
 12929 | Lair:2   | Got a shimmering robe
 13254 | Lair:2   | Received a gift from Okawaru
 13289 | Lair:2   | Reached XP level 12. HP: 51/89 MP: 19/22
 13594 | Lair:1   | Learned a level 2 spell: Blink
 13767 | Lair:3   | Reached skill level 13 in Unarmed Combat
 14180 | Lair:3   | Reached skill level 14 in Unarmed Combat
 14214 | Lair:3   | Noticed Fannar
 14442 | D:5      | Bought a bronze leather armour for 189 gold pieces
 14694 | Lair:3   | Killed Fannar
 14822 | Lair:3   | Found a staircase to the Swamp.
 15163 | Lair:4   | Found a hole to the Spider Nest.
 15464 | Lair:4   | Reached skill level 15 in Unarmed Combat
 15562 | Lair:4   | Found a glowing golden altar of the Shining One.
 16307 | Lair:4   | Reached XP level 13. HP: 90/96 MP: 19/23
 16678 | Lair:5   | Reached skill level 16 in Unarmed Combat
 16736 | Lair:5   | Noticed Snorg
 16742 | Lair:5   | Killed Snorg
 16742 | Lair:5   | Reached skill level 5 in Spellcasting
 16764 | Lair:5   | Received a gift from Okawaru
 16988 | Lair:1   | Learned a level 1 spell: Animate Skeleton
 16990 | Lair:1   | Learned a level 1 spell: Apportation
 16992 | Lair:1   | Learned a level 1 spell: Summon Butterflies
 17541 | Lair:5   | Got a twisted chain mail
 17904 | Lair:6   | Received a gift from Okawaru
 18007 | Lair:6   | Mangled by an eight-headed hydra

Action                   |  1- 3 |  4- 6 |  7- 9 | 10-12 | 13-15 || total
-------------------------+-------+-------+-------+-------+-------++-------
Melee: Unarmed           |   142 |   112 |   441 |  1020 |   226 ||  1941
Throw: Stone             |     1 |    19 |    22 |     3 |     1 ||    46
 Cast: Beastly Appendage |     3 |     2 |     2 |       |       ||     7
       Spider Form       |       |     8 |    25 |    39 |     6 ||    78
       Sticks to Snakes  |       |     6 |       |       |       ||     6
       Repel Missiles    |       |       |       |     1 |       ||     1
       Ice Form          |       |       |       |    17 |     6 ||    23
       Blade Hands       |       |       |       |     4 |     3 ||     7
Invok: Heroism           |       |       |       |     2 |       ||     2
 Abil: End Transformatio |       |     1 |       |       |       ||     1
       Stop Flying       |       |       |       |     1 |       ||     1
  Use: Scroll            |       |       |     7 |    11 |       ||    18
       Potion            |       |       |     3 |     1 |       ||     4
 Stab: Sleeping          |     1 |       |     5 |    14 |     1 ||    21
       Distracted        |       |       |       |     3 |       ||     3
  Eat: Chunk             |     4 |     4 |    17 |    42 |     8 ||    75
